Cogmind - Beta 9.1 @@@ ROGUE MODE // 2019.11.10 @ 22:33:18 Player: sideriver81 Result: Self-destructed Performance ------------- Evolutions (3) 1500 Regions Visited (5) 1000 Robots Destroyed (4) 20 Value Destroyed (118) 118 Prototype IDs (4) 80 Alien Tech Used (0) 0 Bonus (200) 200 TOTAL SCORE: 2918 Bonus ------- Pacifist 200 Cogmind --------- Core Integrity 327/700 Matter 262/300 Energy 1/100 System Corruption 0% Temperature Cool (0) Location -7/Factory Parts ------- Power (2) Propulsion (5) Cooled VTOL Module Cooled VTOL Module Utility (4) Transport Network Coupler Microactuators Component Analysis Suite Weapon (2) Spear Inventory (4) Medium Storage Unit Axe Axe Peak State ------------ Power Ion Engine Ion Engine Propulsion Improved Flight Unit Improved Flight Unit Cooled VTOL Module Cooled VTOL Module Cooled VTOL Module Utility Improved Heat Sink Transport Network Coupler Microactuators Component Analysis Suite Weapon Axe Spear Inventory Cooled VTOL Module Medium Storage Unit Axe Axe [Rating: 43] Favorites ----------- Power Ion Engine Engine Ion Engine Propulsion Improved Flight Unit Treads Light Treads Flight Unit Improved Flight Unit Utility Improved Heat Sink Device Improved Heat Sink Processor Transport Network Coupler Weapon Hammer Ballistic Gun Improved Assault Rifle Impact Weapon Hammer Slashing Weapon Axe Piercing Weapon Spear Special Melee Weapon Datajack Build | -11 -10 -9 -9 -8 -7 ------- Run | Scr Mat Mat Sto Mat Fac Slots Evolved 6 | . . 2 . 2 2 Power 1 | . . . . . 1 Propulsion 3 | . . 1 . 1 1 Utility 2 | . . 1 . 1 . Weapon . | . . . . . . Parts Attached 23 | 2 2 . 7 1 11 Power 4 | . . . 2 . 2 Engine 4 | . . . 2 . 2 Core . | . . . . . . Reactor . | . . . . . . Propulsion 9 | 2 1 . 2 . 4 Treads 2 | 2 . . . . . Leg . | . . . . . . Wheel . | . . . . . . Hover . | . . . . . . Flight 7 | . 1 . 2 . 4 Utility 5 | . . . 1 1 3 Device 4 | . . . 1 1 2 Storage . | . . . . . . Processor 1 | . . . . . 1 Hackware . | . . . . . . Protection . | . . . . . . Artifact . | . . . . . . Weapon 5 | . 1 . 2 . 2 Energy Gun . | . . . . . . Energy Cannon . | . . . . . . Ballistic Gun 1 | . . . 1 . . Ballistic Cannon . | . . . . . . Launcher . | . . . . . . Special Weapon . | . . . . . . Impact Weapon 1 | . . . 1 . . Slashing Weapon 1 | . . . . . 1 Piercing Weapon 1 | . . . . . 1 Special Melee Weapon 1 | . 1 . . . . Unidentified Prototypes 4 | . . . 3 . 1 Parts Lost 11 | . 1 2 . . 8 Power 2 | . . . . . 2 Propulsion 6 | . . 2 . . 4 Utility 1 | . . . . . 1 Weapon 2 | . 1 . . . 1 Highest Loss Streak 8 | . 1 2 . . 8 Average Slot Usage (%) 41 | . 37 13 21 41 70 Engine 4 | . . . 2 9 9 Treads 4 | . 26 6 . . . Flight 13 | . 1 6 8 18 24 Device 7 | . . . 3 5 18 Processor 1 | . . . . . 3 Impact Weapon 4 | . . . 6 9 2 Slashing Weapon 1 | . . . . . 5 Piercing Weapon 1 | . . . . . 4 Special Melee Weapon 1 | . 9 . . . . Naked Turns 32 | . . 20 12 . . Heaviest Build 19 | . 1 . 10 11 19 Greatest Support 22 | 20 4 4 12 12 22 Greatest Overweight (x) 1 | . . . 1 . . Average Overweight (x) . | . . . . . . Largest Inventory Capacity 4 | 4 4 4 4 4 4 Average Capacity 4 | 4 4 4 4 4 4 Most Carried 4 | 4 4 4 4 4 4 Average Carried 3 | 2 3 4 3 3 3 Final Capacity 4 | 4 4 4 4 4 4 Final Carried 4 | 4 4 4 3 4 3 Class Distribution -------------------- 51% | Mutant 48% | Sprinter Dominant Class ---------------- Mutant | -10/Materials Mutant | -9/Materials Mutant | -9/Storage Sprinter | -8/Materials Sprinter | -7/Factory Resources | -11 -10 -9 -9 -8 -7 ----------- Run | Scr Mat Mat Sto Mat Fac Matter Collected 337 | 220 . . 60 . 57 Remotely . | . . . . . . Salvage Created 206 | . . . 52 . 154 Parts 10 | . . . 4 . 6 Haulers Intercepted 2 | . . . 1 . 1 Recyclers Shooed . | . . . . . . Parts Field Recycled . | . . . . . . Retrieved Matter . | . . . . . . Parts Self-Destructed . | . . . . . . Prevented . | . . . . . . Kills | -11 -10 -9 -9 -8 -7 ------- Run | Scr Mat Mat Sto Mat Fac Combat Hostiles Destroyed 2 | . . . . . 2 Melee 2 | . . . . . 2 Classes Destroyed 2 | . . . 1 . 1 Hauler 2 | . . . 1 . 1 Grunt 2 | . . . . . 2 Best Kill Streak 1 | . . . 1 . 1 Combat Bots Only 1 | . . . . . 1 Max Kills in Single Turn 1 | . . . 1 . 1 Gunslinging . | . . . . . . Exploded . | . . . . . . Melee 1 | . . . . . 1 Uniques/NPCs Destroyed . | . . . . . . Combat | -11 -10 -9 -9 -8 -7 -------- Run | Scr Mat Mat Sto Mat Fac Damage Taken 1702 | . 126 344 272 140 820 Core 834 | . 32 210 143 76 373 Absorbed by Shields 37 | . . . 37 . . Core Remaining (%) 71 | 100 87 . 11 86 . Volleys Fired . | . . . . . . Largest . | . . . . . . Hottest . | . . . . . . Shots Fired . | . . . . . . Gun . | . . . . . . Cannon . | . . . . . . Launcher . | . . . . . . Special . | . . . . . . Kinetic . | . . . . . . Thermal . | . . . . . . Explosive . | . . . . . . Electromagnetic . | . . . . . . Robot Hit Streak . | . . . . . . Robot Miss Streak . | . . . . . . Penetration Max . | . . . . . . Secondary Targets . | . . . . . . Shots Hit Robots 19 | . 3 . 4 . 12 Core Hits 3 | . . . . . 3 Critical Hits 1 | . . . . . 1 Critical Kills 1 | . . . . . 1 Critical Parts Destroyed . | . . . . . . Melee Attacks 45 | . 4 . 21 . 20 Impact 21 | . . . 21 . . Slashing 3 | . . . . . 3 Piercing 17 | . . . . . 17 Sneak Attacks 5 | . 2 . 2 . 1 Combat Hostiles . | . . . . . . Follow-up Attacks 2 | . . . . . 2 Damage Inflicted 581 | . . . 170 . 411 Guns . | . . . . . . Cannons . | . . . . . . Explosions . | . . . . . . Melee 581 | . . . 170 . 411 Ramming . | . . . . . . Kinetic . | . . . . . . Thermal . | . . . . . . Explosive . | . . . . . . Electromagnetic . | . . . . . . Impact 170 | . . . 170 . . Slashing 65 | . . . . . 65 Piercing 346 | . . . . . 346 Highest Corruption . | . . . . . . Average Corruption . | . . . . . . Corruption Purged . | . . . . . . Overload Shots . | . . . . . . Overflow Damage 36 | . . . 36 . . Projectiles . | . . . . . . Explosions . | . . . . . . Melee 36 | . . . 36 . . Knockbacks 1 | . . . 1 . . Impact 1 | . . . 1 . . Kinetic . | . . . . . . Secondary . | . . . . . . Self-Inflicted Damage . | . . . . . . Shots . | . . . . . . Rammed . | . . . . . . Targets Rammed . | . . . . . . Kicked . | . . . . . . Crushed . | . . . . . . Highest Temperature 7 | . . . 3 . 7 Average Temperature 3 | . . . 3 . 3 Received Heat Transfer 449 | . 24 45 140 45 195 Siege Activations . | . . . . . . Robots Corrupted . | . . . . . . Combat Hostiles . | . . . . . . Parts Fried 1 | . . . 1 . . Impact Corruptions 2 | . . . 2 . . Robots Melted . | . . . . . . Combat Hostiles . | . . . . . . Parts Melted . | . . . . . . Heat Transferred . | . . . . . . Parts Sabotaged . | . . . . . . Parts Stolen . | . . . . . . Parts Stripped . | . . . . . . Power Chain Reactions . | . . . . . . Missiles Intercepted . | . . . . . . Alert | -11 -10 -9 -9 -8 -7 ------- Run | Scr Mat Mat Sto Mat Fac Peak Influence 166 | . 15 31 41 87 166 Average Influence 45 | . 11 18 14 41 106 Maximum Alert Level . | . . . . . . Low Security (%) 100 | . . . . . . Level 1 . | . . . . . . Level 2 . | . . . . . . Level 3 . | . . . . . . Level 4 . | . . . . . . Level 5 . | . . . . . . High Security . | . . . . . . Max Security . | . . . . . . Squads Dispatched 6 | . . . 3 2 1 Investigation 2 | . . . 1 . 1 Extermination . | . . . . . . Reinforcement 4 | . . . 2 2 . Assault . | . . . . . . Garrison . | . . . . . . Intercept . | . . . . . . Construction Impeded . | . . . . . . Haulers Reinforced . | . . . . . . Stealth | -11 -10 -9 -9 -8 -7 --------- Run | Scr Mat Mat Sto Mat Fac Distress Signals 9 | . . 1 6 1 1 Communications Jammed . | . . . . . . Distress Signals . | . . . . . . Times Spotted 68 | . 6 6 24 22 10 Peak Tracking Total 13 | . 6 7 11 13 8 Tactical Retreats 8 | . . . 4 3 1 Traps | -11 -10 -9 -9 -8 -7 ------- Run | Scr Mat Mat Sto Mat Fac Traps Triggered 1 | . . . 1 . . Indirectly . | . . . . . . Trap Hack Attempts . | . . . . . . Triggered . | . . . . . . Disarmed . | . . . . . . Reprogrammed . | . . . . . . Reused . | . . . . . . Traps Extracted . | . . . . . . Installed . | . . . . . . Triggered . | . . . . . . Machines | -11 -10 -9 -9 -8 -7 ---------- Run | Scr Mat Mat Sto Mat Fac Machines Disabled 2 | . . . 2 . . Max in Single Turn 1 | . . . 1 . . Garrison Access 2 | . . . 1 1 . Machines Sabotaged . | . . . . . . Garrisons Compromised . | . . . . . . Overloaded Fab Kills . | . . . . . . Fab Network Shutdowns . | . . . . . . Hacking | -11 -10 -9 -9 -8 -7 --------- Run | Scr Mat Mat Sto Mat Fac Machines Accessed 16 | . 1 3 5 4 3 Terminals 13 | . 1 3 4 3 2 Fabricators . | . . . . . . Repair Stations . | . . . . . . Recycling Units . | . . . . . . Scanalyzers . | . . . . . . Garrison Access 3 | . . . 1 1 1 Total Hacks 33 | . 4 8 8 6 7 Successful 19 | . 1 5 5 4 4 Failed 14 | . 3 3 3 2 3 Catastrophic 3 | . . . 1 2 . Database Lockouts . | . . . . . . Manual 19 | . 4 4 5 3 3 Terminals 29 | . 4 8 7 5 5 Fabricators . | . . . . . . Repair Stations . | . . . . . . Recycling Units . | . . . . . . Scanalyzers . | . . . . . . Garrison Access 4 | . . . 1 1 2 Terminal Hacks 11 | . . 3 3 2 3 Part Schematic 1 | . . 1 . . . Robot Analysis 3 | . . 1 . 1 1 Open Door 1 | . . . 1 . . Unreport Threat 1 | . . . 1 . . Locate Traps 4 | . . 1 1 1 1 Registered Components 1 | . . . . . 1 Fabricator Hacks . | . . . . . . Repair Station Hacks . | . . . . . . Recycling Unit Hacks . | . . . . . . Scanalyzer . | . . . . . . Garrison Access Hacks 2 | . . . 1 1 . Seal Access 2 | . . . 1 1 . Unauthorized Hacks 17 | . 2 5 4 4 2 Terminals 6 | . 1 2 1 1 1 Botnet 6 | . 1 2 1 1 1 Fabricators . | . . . . . . Repair Stations . | . . . . . . Recycling Units . | . . . . . . Scanalyzers . | . . . . . . Garrison Access . | . . . . . . Data Cores Recovered . | . . . . . . Used . | . . . . . . Hacking Detections 11 | . 1 2 2 3 3 Full Trace Events 1 | . . . . . 1 Feedback Events . | . . . . . . Feedback Blocked . | . . . . . . Robot Schematics Acquired . | . . . . . . Robots Built . | . . . . . . Matter . | . . . . . . Time . | . . . . . . Total Robot Build Rating . | . . . . . . Part Schematics Acquired 1 | . . 1 . . . Parts Built . | . . . . . . Matter . | . . . . . . Time . | . . . . . . Total Part Build Rating . | . . . . . . Parts Repaired . | . . . . . . Time . | . . . . . . Parts Recycled . | . . . . . . Recycled Matter . | . . . . . . Retrieved Matter . | . . . . . . Retrieved Components . | . . . . . . Parts Scanalyzed . | . . . . . . Part Schematics Acquired . | . . . . . . Parts Damaged . | . . . . . . Bothacking | -11 -10 -9 -9 -8 -7 ------------ Run | Scr Mat Mat Sto Mat Fac Used RIF Installer . | . . . . . . Robots Hacked 1 | . 1 . . . . Non-combat . | . . . . . . Combat 1 | . 1 . . . . Robot Hacks Applied 1 | . 1 . . . . parse_system 1 | . 1 . . . . Relay Couplers Released . | . . . . . . Robots Rewired . | . . . . . . Allies Hacked . | . . . . . . Hacks Repelled . | . . . . . . Allies | -11 -10 -9 -9 -8 -7 -------- Run | Scr Mat Mat Sto Mat Fac Total Allies . | . . . . . . Largest Group . | . . . . . . Highest-Rated Group . | . . . . . . Highest-Rated Ally . | . . . . . . Total Orders 14 | . . . 14 . . EXPLORE 14 | . . . 14 . . Ally Attacks . | . . . . . . Total Damage . | . . . . . . Kills . | . . . . . . Allies Corrupted . | . . . . . . Allies Melted . | . . . . . . Intel | -11 -10 -9 -9 -8 -7 ------- Run | Scr Mat Mat Sto Mat Fac Robot Analysis Total 3 | . . 1 . 1 1 Derelict Logs Recovered . | . . . . . . Drone Launches 16 | . . . 16 . . Drone Recoveries . | . . . . . . Exploration | -11 -10 -9 -9 -8 -7 ------------- Run | Scr Mat Mat Sto Mat Fac Turns Passed 653 | 34 87 55 204 69 204 Spaces Moved 1068 | 43 142 98 225 207 353 Core 281 | 39 131 40 71 . . Treads 4 | 4 . . . . . Legs . | . . . . . . Wheels . | . . . . . . Hover . | . . . . . . Flight 783 | . 11 58 154 207 353 Fastest Speed 26 | 50 50 50 32 32 26 Average Speed 41 | 60 50 55 52 32 30 Slowest Speed 160 | 160 60 60 100 32 32 Overloaded Moves . | . . . . . . Propulsion Burnouts . | . . . . . . Robots Hopped 27 | . . 4 14 6 3 Cave-ins Triggered . | . . . . . . Exploration Rate (%) 24 | 3 30 15 63 24 10 Regions Visited 5 Branch Regions 1 Pre-discovered Areas . | . . . . . . Known Exits Taken . | . . . . . . Unknown Exits Taken 5 | 1 1 1 1 1 . Scrap Searched . | . . . . . . Spaces Dug 3 | . . . 3 . . Terrain Destroyed 3 | . . . 3 . . Melee 3 | . . . 3 . . Projectile . | . . . . . . AOE . | . . . . . . Actions | -11 -10 -9 -9 -8 -7 --------- Run | Scr Mat Mat Sto Mat Fac Total 1184 | 50 152 93 263 202 424 Wait 42 | . . . 2 . 40 Move 1018 | 42 141 90 201 197 347 Hop 18 | . . 3 9 3 3 Pick Up 11 | 5 2 . . 1 3 Fast Attach 19 | 2 2 . 6 1 8 Attach 3 | . . . 1 . 2 Detach . | . . . . . . Swap 1 | . . . . . 1 Drop 10 | 1 3 . 3 . 3 Fire . | . . . . . . Melee 42 | . 4 . 21 . 17 Ram . | . . . . . . Kick . | . . . . . . Crush . | . . . . . . Escape Stasis 12 | . . . 12 . . Rewire . | . . . . . . Trap . | . . . . . . Miscellaneous 8 | . . . 8 . . Route ------- -11/Scrapyard -10/Materials -9/Materials -9/Storage -8/Materials -7/Factory History --------- Turn | Location | Event 6 | -11/Scrapyard | Discovered new exit (range 16) 35 | -11/Scrapyard | Entered Materials 118 | -10/Materials | Discovered new exit (range 8) 122 | -10/Materials | Entered another Materials area 122 | -9/Materials | Evolved 2 slots: Propulsion x1, Utility x1 168 | -9/Materials | Discovered new exit (range 13) 176 | -9/Materials | Core integrity fell below 50% 177 | -9/Materials | Entered Storage 249 | -9/Storage | Discovered new exit (range 58) 317 | -9/Storage | Build established: Mutant 360 | -9/Storage | Core integrity fell below 20% 381 | -9/Storage | Entered Materials 381 | -8/Materials | Evolved 2 slots: Propulsion x1, Utility x1 437 | -8/Materials | Discovered new exit (range 16) 450 | -8/Materials | Entered Factory 450 | -7/Factory | Evolved 2 slots: Power x1, Propulsion x1 618 | -7/Factory | Build established: Sprinter 654 | -7/Factory | Core integrity fell below 50% 654 | -7/Factory | Self-destructed Last Messages --------------- 00585_ K-01 Serf collects debris. 00588_ G-47 Trooper destroyed. 00591_ Acquired 57 matter. 00592_ K-01 Serf collects debris. 00597_ Axe follow-up attack on G-47 Trooper. 00597_ Particle Gun severed. 00598_ K-01 Serf collects debris. 00614_ G-47 Trooper suffers critical hit. 00614_ G-47 Trooper destroyed. 00619_ K-01 Serf collects debris. 00629_ Ion Engine destroyed. 00633_ Axe follow-up attack on L-41 Fighter. 00633_ Imp. Flight Unit destroyed. 00635_ Cld. VTOL Module destroyed. 00639_ K-01 Serf collects debris. 00640_ Imp. Heat Sink destroyed. 00645_ Ion Engine destroyed. 00649_ Axe destroyed. 00650_ Door malfunctions. 00653_ Cld. VTOL Module destroyed. Map ----- +----------------------------------------------------+ | # #####+##?????????????# ^ """ """ # | | # #???# #??????????????# """ """??? | | + ##### ################ """ """ # | | # ######### % = # | | # #???????#### ##+################### """ """ # | | #??????????# ## ""???????# # """ """ ?? | | # #??????????# ## """ ?????# # """ """ # | | # #??????????# ## """ #???# # # | | # #??????????# ## #???# # """ """ | | # #?????????## ## #???# [/! """ """??? | | # #?????????# # ????# #= """ ""???? | | # #?????????+ ######?????# # ???? | | # #?????????# #??????????# # ?? | | # #?????????## ##??????????# #############? | | # #??????????# #?##############/#####????????????? | | # #??????????# #?# ! !% #???????????????? | | # #??????????# #?# YY [ #???????????????? | | # #??????????# #?# !! #???????????????? | | # #?????????## ### !! "" #???????????????? | | # ########### ## "" #???????????????? | | # ## / """ #???????????????? | | # ## / ## """ #???????????????? | | # """ ### ### """ ! #???????????????? | | # """ #?# #?# #???????????????? | | # """ #?# #?# l #???????????????? | | # #?# #?########@########???????????????? | | # ] #?# #??????? ?????????????????????? | | ##########+###+#?????# ???????????????????? | | ?????# #?????# !!?????????????????? | | ?????# #?????# ! "??????!????????? | | ?????# #?????# F"?????????????? | | ?????# #?????# """?????????????? | | ?????###########?????# """ "" ?????????????? | | ?????????????????????##### """ ??????????????? | | ?????????????????????????? """ ?????????????? | | ?????????????????????????? ??? s????????????? | | ?????????????????????????? ""???? s????????????? | | ?????????????????????????? ""??????????????????? | | ?????????????????????????? "???????????????????? | | ?????????????????????????? ???????????????????? | | ?????????????????????????? ?????????????????????? | | ?????????????????????????????????????????????????? | | ?????????????????????????????????????????????????? | | ?????????????????????????????????????????????????? | | ?????????????????????????????????????????????????? | | ?????????????????????????????????????????????????? | | ?????????????????????????????????????????????????? | | ?????????????????????????????????????????????????? | | ?????????????????????????????????????????????????? | | ?????????????????????????????????????????????????? | +----------------------------------------------------+ Best States ------------- Heat Dissipation 48 Energy Generation 15 Energy Capacity 400 Matter Stores 300 Matter Capacity 300 Sight Range 16 Terrain Scan Density 10 Melee Speed Boost 20 Evasion (%) 64 Recoil Reduction 1 Item Schematics ----------------- Flight Unit | -9/Materials | Hacked Robot Schematics ------------------ None Fabricated ------------ Nothing Alien Tech Used ----------------- None Achievements -------------- None Challenges ------------ None Game ------ Seed SmartbombFlakModule Manual? 0 Play Time 00:24:03 Cumulative 101.7 hours Start 2019.11.10 @ 22:08:59 End 2019.11.10 @ 22:33:18 Sessions 1 Manual Loads 0 Difficulty Rogue Special Mode None Game No. 36 Rogue -8 Adventurer 22 Explorer 1 Win Type - Total 3 Types 3/0/0/0/0/0/0 Lore% 43 Gallery% 62 Achievement% 48 Wizard Run 0 Options --------- ASCII 0 Keyboard 0 Movement Numpad Keybinds 0 Fullscreen 0 Font 20/Terminus Map View 76x50 Tactical HUD 1 Map Filters NONE Filters NONE Steam 1 RUN: c3fc9ee8-187a-46d4-ba61-ef078c66d8f5